 Dungeon Crawl Stone Soup version 0.30-a0-702-gdf48620a09 (webtiles) character file.

Game seed: 14229620153009444953

58502 OTABOTABOTAB the Slicer (level 14, -3/79 HPs)
             Began as a Vine Stalker Fighter on Jan 21, 2023.
             Was a High Priest of Uskayaw.
             Slain by a soul eater (13 damage)
             ... summoned by a kobold demonologist
             ... on level 12 of the Dungeon on Jan 22, 2023.
             The game lasted 00:38:30 (16151 turns).

OTABOTABOTAB the Slicer (Vine Stalker Fighter)     Turns: 16151, Time: 00:38:31

Health: -3/79      AC: -2    Str: 23      XL:     14   Next: 90%
Magic:  0/31       EV:  6    Int:  8      God:    Uskayaw [*****.]
Gold:   2123       SH: 14    Dex: 14 (15) Spells: 13/13 levels left

rFire   . . .      SeeInvis +    a - +6 quick blade (heavy)
rCold   + + .      Faith    .    u - +2 kite shield {rC+}
rNeg    . . .      Spirit   +    Q - +0 plate armour {rC+}
rPois   +          Reflect  .    n - +1 helmet {SInv}
rElec   .          Harm     .    M - scarf {repulsion}
rCorr   .          Rampage  .    A - +2 pair of gloves
Will    +....                    k - +0 pair of boots Stlth
                                 p - amulet of magic regeneration
HPRegen 1.13/turn                t - ring of poison resistance {rPois, !d}
MPRegen 0.62/turn                l - ring of magical power {MP+9}

@: spiked, corroded, repel missiles
A: fangs 3, regeneration 1, magic shield, antimagic bite, no potion heal 2
a: Renounce Religion, Stomp, Line Pass, Grand Finale


You were on level 12 of the Dungeon.
You worshipped Uskayaw.
Uskayaw was aware of your devotion.
You visited 3 branches of the dungeon, and saw 18 of its levels.
You also visited: Sewer, Ossuary and Ice Cave.

You collected 2123 gold pieces.

Inventory:

Hand Weapons
 a - a +6 heavy quick blade (weapon)
   (You acquired it on level 3 of the Dungeon)
 b - a +1 shortbow of freezing
   (You took it off a centaur on level 5 of the Dungeon)
 O - the +9 dagger of Causality {speed, Fly rN+ Str+3}
   (You found it on level 2 of the Lair of Beasts)

   Str:       It affects your strength (+3).
   rN:        It protects you from negative energy.
   Fly:       It grants you flight.
Armour
 k - a +0 pair of boots (worn)
   (You found it on level 7 of the Dungeon)
 n - a +1 helmet of see invisible (worn)
   (You found it on level 1 of the Dungeon)
 u - a +2 kite shield of cold resistance (worn)
   (You found it in an ice cave)
 A - a +2 pair of gloves (worn)
   (You found it on level 11 of the Dungeon)
 M - a scarf of repulsion (worn)
   (You found it in an ice cave)
 Q - a +0 plate armour of cold resistance (worn)
   (You found it in an ice cave)
 S - a +1 cloak
   (You found it on level 5 of the Lair of Beasts)
Jewellery
 c - a ring of ice {rC+, rF-}
   (You found it in an ice cave)
 h - an amulet of reflection
   (You found it on level 1 of the Lair of Beasts)
 l - a ring of magical power (right hand) {MP+9}
   (You found it on level 4 of the Dungeon)
 o - a ring of resist corrosion
   (You found it on level 3 of the Dungeon)
 p - an amulet of magic regeneration (around neck)
   (You found it on level 7 of the Dungeon)
 t - a ring of poison resistance (left hand) {rPois, !d}
   (You found it on level 6 of the Dungeon)
 y - a ring of magical power {MP+9}
   (You found it on level 9 of the Dungeon)
 N - a ring of positive energy {rN+}
   (You found it on level 8 of the Dungeon)
Wands
 d - a wand of digging (4)
   (You found it on level 7 of the Dungeon)
 e - a wand of charming (11)
   (You found it on level 9 of the Dungeon)
 j - a wand of polymorph (8)
   (You found it on level 10 of the Dungeon)
 x - a wand of roots (7)
   (You took it off Psyche on level 9 of the Dungeon)
 V - a wand of quicksilver (6)
   (You found it on level 5 of the Lair of Beasts)
Scrolls
 g - 4 scrolls of fog
 m - 2 scrolls of amnesia
 q - a scroll of enchant weapon
 r - a scroll of acquirement
 s - 5 scrolls of poison
 z - 5 scrolls of enchant armour
 D - a scroll of blinking {!r}
 E - 4 scrolls of fear
 F - a scroll of torment {!r}
 K - 4 scrolls of identify {@r1}
 X - 6 scrolls of magic mapping {@r4!r}
 Y - 10 scrolls of teleportation {@r3}
Potions
 f - 2 potions of attraction {!q}
 i - 3 potions of heal wounds {@q2}
 B - 8 potions of brilliance
 G - 3 potions of ambrosia {!q}
 H - 5 potions of haste
 I - a potion of invisibility
 J - 17 potions of curing {@q1}
 L - 5 potions of flight
 P - 6 potions of lignification {!q}
 R - 2 potions of resistance
 T - 3 potions of berserk rage {!q}
 U - 2 potions of mutation {!q}
Miscellaneous
 v - a lightning rod (4/4)
   (You found it on level 1 of the Lair of Beasts)
 w - a phial of floods
   (You found it on level 9 of the Dungeon)
 C - a piece from Xom's chessboard (15/15)
   (You found it on level 4 of the Lair of Beasts)


   Skills:
 + Level 11.0 Fighting
 + Level 12.9 Short Blades
 + Level 10.1 Armour
 + Level 11.1 Shields
 + Level 9.6 Invocations


You had 13 spell levels left.
You didn't know any spells.
Your spell library contained the following spells:

 Spells                   Type           Power      Damage    Failure   Level
 Foxfire                  Conj/Fire      0%         2x1d4     100%        1
 Kiss of Death            Conj/Necr      0%         2d5       100%        1
 Sandblast                Erth           0%         2d4       100%        1
 Sting                    Tmut/Pois      0%         1d3       100%        1
 Blink                    Tloc           0%         N/A       100%        2
 Lesser Beckoning         Tloc           0%         N/A       100%        2
 Momentum Strike          Conj/Tloc      0%         3d8       100%        2
 Passwall                 Tmut/Erth      0%         N/A       100%        2
 Poisonous Vapours        Pois/Air       0%         N/A       100%        2
 Static Discharge         Conj/Air       0%         2-2/arc   100%        2
 Confusing Touch          Hex            0%         N/A       100%        3
 Dazzling Flash           Conj/Hex       0%         N/A       100%        3
 Stone Arrow              Conj/Erth      0%         3d7       100%        3
 Vhi's Electric Charge    Tloc/Air       0%         N/A       100%        3
 Cause Fear               Hex            0%         N/A       100%        4
 Dispel Undead            Necr           0%         3d6       100%        4
 Iskenderun's Mystic Bla  Conj/Tloc      0%         2d3       100%        4
 Olgreb's Toxic Radiance  Pois           0%         N/A       100%        4
 Passage of Golubria      Tloc           0%         N/A       100%        4
 Petrify                  Tmut/Erth      0%         N/A       100%        4
 Arcjolt                  Conj/Air       0%         1d10      100%        5
 Blade Hands              Tmut           0%         N/A       100%        5
 Fireball                 Conj/Fire      0%         3d3       100%        5
 Irradiate                Conj/Tmut      0%         3d11      100%        5
 Lightning Bolt           Conj/Air       0%         1d11      100%        5
 Metabolic Englaciation   Hex/Ice        0%         N/A       100%        5
 Silence                  Hex/Air        0%         N/A       100%        5
 Starburst                Conj/Fire      0%         6d3       100%        6
 Statue Form              Tmut/Erth      0%         N/A       100%        6
 Dragon Form              Tmut           0%         N/A       100%        7
 Ozocubu's Refrigeration  Ice            0%         4d7       100%        7
 Ignition                 Fire           0%         3d3       100%        8
 Lehudib's Crystal Spear  Conj/Erth      0%         10d2      100%        8
 Dragon's Call            Summ           0%         N/A       100%        9


Dungeon Overview and Level Annotations

Branches:
Dungeon (12/15)            Temple (1/1) D:7            Lair (5/5) D:9
  Swamp (0/4) Lair:2        Snake (0/4) Lair:3        Slime (0/5) Lair:5
  Sewer (visited)         Ossuary (visited)           IceCv (visited)
    Orc: D:9-12

Altars:
Ashenzari
Cheibriados
Dithmenos
Elyvilon
Fedhas
Gozag
Hepliaklqana
Kikubaaqudgha
Makhleb
Nemelex Xobeh
Okawaru
Qazlal
Ru
Sif Muna
Trog
Uskayaw
Vehumet
Wu Jian
Xom
Yredelemnul
Zin
The Shining One

Shops:
D:3 =


Innate Abilities, Weirdness & Mutations

You have razor-sharp teeth.
Your natural rate of healing is unusually fast.
When hurt, damage is shared between your health and your magic reserves.
Your bite disrupts and absorbs the magic of your enemies.
Potions cannot restore your health.


Message History

The iron imp is no longer paralysed.
The kobold demonologist casts a spell.
The white imp lashes its tail.
The helpless ufetubus fails to defend itself.
You impale the ufetubus!!
You kill the ufetubus!
The ufetubus disappears in a puff of smoke!
The white imp is no longer paralysed.
The rust devil is no longer paralysed.
The kobold demonologist is no longer paralysed.
The kobold is no longer paralysed. x2; The quasit is no longer paralysed.
The rust devil is no longer paralysed.
You block the quasit's attack. x2
The quasit claws you but does no damage.
The kobold demonologist gestures wildly while chanting.
The rust devil hits you. The rust devil corrodes you!
The white imp hits you but does no damage.
The soul eater draws from the surrounding life force!
The quasit bites you but does no damage.
You block the quasit's attack. The quasit barely misses you.
You hit the kobold demonologist but do no damage.
You bite the kobold demonologist.
The kobold demonologist's magic leaks into the air.
You drain its magic.
You feel invigorated.
The ufetubus is no longer paralysed.
The white imp is no longer paralysed.
The kobold demonologist is no longer paralysed.
The iron imp is no longer paralysed.
The shadow imp is no longer paralysed.
You block the kobold demonologist's attack.
A kobold brigand comes into view.
It is wielding a +0 short sword and quivering poisoned darts.
The kobold demonologist gestures wildly while chanting.
The white imp hits you. The white imp freezes you. You resist.
The white imp summons a swarm of flies.
The rust devil barely misses you.
You closely miss the kobold demonologist.
Your bite misses the kobold demonologist.
You block the quasit's attack. x2
The quasit claws you but does no damage.
The red devil hits you from afar with a +0 demon trident.
Barbed spikes become lodged in your body.
Unknown command.
You hit the kobold demonologist but do no damage.
The quasit bites you. You block the quasit's attack.
The quasit claws you but does no damage.
The kobold demonologist miscasts a cantrip.
You block the kobold demonologist's attack.
The rust devil hits you. The rust devil corrodes you!
The white imp gestures at you.
The puff of frost is repelled.
Unknown command.
You hit the kobold demonologist.
Your bite misses the kobold demonologist.
You block the red devil's attack. You block the quasit's attack.
The quasit claws you. You block the quasit's attack. The iron imp hits you.
You take 11 damage, and have 67/79 hp.
You now have 26/31 mp.
You hit the kobold demonologist but do no damage.
You block the kobold demonologist's attack.
The kobold demonologist casts a spell.
The white imp gestures at you. The puff of frost hits you. You resist.
The rust devil barely misses you.
Uskayaw links your audience in an emotional bond!
You take 2 damage, and have 65/79 hp.
You miss the kobold demonologist. You bite the kobold demonologist!
The kobold demonologist's magic leaks into the air.
You drain its magic.
You feel invigorated. The quasit bites you. The quasit closely misses you.
The quasit claws you but does no damage.
The red devil hits you from afar with a +0 demon trident!
Barbed spikes become lodged in your body.
You can now merge with and destroy a victim.
You closely miss the kobold demonologist.
You bite the kobold demonologist, but do no damage.
The iron imp hits you!
The kobold demonologist hits you with a +0 dagger.
The rust devil barely misses you. The white imp gestures at you.
You block the puff of frost. The quasit bites you.
You feel clumsy. You block the quasit's attack. The quasit claws you.
The soul eater draws from the surrounding life force!
You take 25 damage, and have 40/79 hp.
MASSIVE DAMAGE!!
You now have 19/31 mp.
You hit the kobold demonologist but do no damage.
Your bite misses the kobold demonologist.
The red devil hits you from afar with a +0 demon trident!!
* * * LOW HITPOINT WARNING * * *
Barbed spikes become lodged in your body.
You take 19 damage, and have 21/79 hp.
MASSIVE DAMAGE!!
You now have 10/31 mp.
You hit the kobold demonologist but do no damage.
Your bite misses the kobold demonologist.
The kobold demonologist hits you with a +0 dagger.
* * * LOW HITPOINT WARNING * * *
You block the quasit's attack. x2; The quasit claws you.
* * * LOW HITPOINT WARNING * * *
The rust devil hits you.
* * * LOW HITPOINT WARNING * * *
The rust devil corrodes you! You block the white imp's attack.
The iron imp hits you!
* * * LOW HITPOINT WARNING * * *
The soul eater draws from the surrounding life force!
You die...

.......#.†......#
.......#'##.....#
..........#.....#####
..........#.........#
...)......#.....#####
###########.....# #
.........+ #
..........####### #
........)5@K554.+ #
.........5545K.3# #
>.......>.44KK5.#
...##+#####K53..# ..
...K.# .......
...^... .......


You could see 2 soul eaters, an orange demon (summoned, pain bonded), 2 rust
devils, 3 kobold demonologists, a red devil (summoned, pain bonded), a kobold
brigand (pain bonded), 2 iron imps, a quasit (summoned, pain bonded), 3 white
imps, a shadow imp (summoned, pain bonded), an ufetubus (summoned, pain bonded)
and 2 kobolds.

Vanquished Creatures
  The ghost of themarg the Fighter, a journeyman BaSu of Cheibriados (Lair:2)
  The ghost of Egife the Blocker, a journeyman TrFi of Ashenzari (Lair:4)
  Snorg (Lair:4)
  2 catoblepae
  2 hydras (Lair:5)
  A boulder beetle (Lair:4)
  A two-headed ogre (D:11)
  2 ironbound frosthearts (IceCv)
  11 death yaks
  Nergalle (Lair:1)
  A wolf spider (Lair:5)
  An ugly thing (D:10)
  A cyclops (D:11)
  9 elephants
  An ice statue (IceCv)
  9 black mambas
  A guardian serpent (Lair:5)
  16 cane toads
  Psyche (D:9)
  A kobold demonologist (D:11)
  3 rime drakes
  8 komodo dragons
  A troll (D:9)
  11 polar bears
  4 hornets
  13 blink frogs
  2 shadows
  3 spriggans (Lair:2)
  16 wyverns
  61 yaks
  3 steam dragons
  A redback (Lair:5)
  6 basilisks
  3 vampire mosquitoes (Lair:2)
  An acid dragon (D:10)
  Edmund (D:6)
  21 water moccasins
  An ice beast (D:6)
  3 sky beasts (D:7)
  3 orc warriors
  2 ogres
  27 wolves
  A boggart (Lair:2)
  5 centaurs
  A phantom (D:5)
  6 kobold brigands
  2 necrophages
  3 gnoll sergeants
  9 bullfrogs
  A scorpion (Lair:1)
  19 killer bees
  2 howler monkeys
  3 electric eels
  4 hounds
  15 orc priests
  7 jellies
  A gnoll bouda (D:5)
  An iguana (D:6)
  7 hell rats (Lair:3)
  10 orc wizards
  11 mummies (Ossuary)
  15 gnolls
  2 adders
  A river rat (Sewer)
  2 shadow imps (D:7)
  A white imp (D:5)
  An ufetubus (D:5)
  4 worms
  37 orcs
  8 ball pythons
  An endoplasm (D:4)
  6 giant cockroaches
  7 hobgoblins
  8 jackals
  25 kobolds
  2 quokkas
  5 bats (D:2)
  A frilled lizard (D:1)
  2 gnoll skeletons (Ossuary)
  5 goblins
  A goblin skeleton (Ossuary)
  A goblin zombie (D:6)
  A kobold skeleton (Ossuary)
  4 orc skeletons (Ossuary)
  9 rats
  11 rat skeletons (Ossuary)
526 creatures vanquished.

Vanquished Creatures (others)
  2 kobolds (D:9)
  A quokka zombie (D:6)
  A rat (D:6)
  41 fungi
  55 plants
100 creatures vanquished.

Grand Total: 626 creatures vanquished

Notes
Turn   | Place    | Note
-------+----------+-------------------------------------------
     0 | D:1      | OTABOTABOTAB the Vine Stalker Fighter began the quest for
                  | the Orb.
     0 | D:1      | Reached XP level 1. HP: 11/11 MP: 2/2
   146 | D:1      | Reached skill level 2 in Short Blades
   148 | D:1      | Reached XP level 2. HP: 13/16 MP: 3/3
   354 | D:1      | Found a faded altar of an unknown god.
   524 | D:2      | Reached XP level 3. HP: 18/19 MP: 2/4
   621 | D:2      | Reached skill level 3 in Fighting
   639 | D:2      | Reached skill level 3 in Shields
   964 | D:3      | Identified a scroll of acquirement
   964 | D:3      | Acquired a +3 quick blade of protection
   968 | D:3      | Identified the +4 dagger "Joun" {flame, rElec rN+ Str-3}
  1152 | D:3      | Found Gokes's Jewellery Shop.
  1235 | D:3      | Found a shimmering altar of Xom.
  1442 | D:3      | Found a shimmering blue altar of Sif Muna.
  1548 | D:3      | Acquired 791 gold pieces
  1692 | D:4      | Gained mutation: Your natural rate of healing is unusually
                  | fast. [Vine Stalker growth]
  1692 | D:4      | Reached XP level 4. HP: 22/24 MP: 5/5
  1704 | D:4      | Reached skill level 3 in Short Blades
  1744 | D:4      | Reached XP level 5. HP: 28/28 MP: 6/6
  1785 | D:4      | Reached skill level 3 in Armour
  2325 | D:4      | Reached XP level 6. HP: 32/32 MP: 5/7
  2373 | D:5      | Entered Level 5 of the Dungeon
  2391 | D:5      | Reached skill level 4 in Short Blades
  2442 | D:5      | Noticed an orc warrior
  2765 | D:5      | Reached skill level 4 in Fighting
  2765 | D:5      | Reached XP level 7. HP: 36/37 MP: 8/8
  2774 | D:5      | Reached skill level 4 in Shields
  3143 | D:5      | Reached skill level 5 in Short Blades
  3357 | D:6      | Found a glowing drain.
  3367 | D:6      | Noticed a steam dragon
  3377 | Sewer    | Entered a sewer
  3492 | Sewer    | Reached skill level 4 in Armour
  3492 | Sewer    | Gained mutation: You have razor-sharp teeth. [Vine Stalker
                  | growth]
  3492 | Sewer    | Reached XP level 8. HP: 39/42 MP: 9/9
  3542 | Sewer    | Found a glowing silver altar of Zin.
  3586 | D:6      | Noticed Edmund
  3595 | D:6      | Found a sand-covered staircase.
  3602 | Ossuary  | Entered an ossuary
  4130 | D:6      | Killed Edmund
  4148 | D:6      | Reached skill level 6 in Short Blades
  4284 | D:6      | Reached skill level 5 in Fighting
  4286 | D:6      | Reached skill level 5 in Shields
  4578 | D:6      | Reached XP level 9. HP: 47/47 MP: 10/10
  5019 | D:6      | Found an ornate altar of the Wu Jian Council.
  5130 | D:7      | Found a staircase to the Ecumenical Temple.
  5169 | Temple   | Entered the Ecumenical Temple
  5317 | D:7      | Reached skill level 5 in Armour
  5358 | D:7      | Reached skill level 7 in Short Blades
  5922 | D:8      | Found a basalt altar of Yredelemnul.
  5958 | D:8      | Reached skill level 6 in Fighting
  5958 | D:8      | Reached skill level 6 in Shields
  6144 | D:8      | Reached skill level 8 in Short Blades
  6153 | D:8      | Reached XP level 10. HP: 52/53 MP: 11/11
  6488 | D:8      | Reached skill level 6 in Armour
  6582 | D:8      | Found a radiant altar of Vehumet.
  6628 | D:9      | Found a hide-covered altar of Uskayaw.
  6722 | D:9      | Became a worshipper of Uskayaw the Reveller
  6812 | D:9      | Noticed Psyche
  6820 | D:9      | Reached * piety under Uskayaw
  6824 | D:9      | Reached ** piety under Uskayaw
  6828 | D:9      | Reached *** piety under Uskayaw
  6829 | D:9      | Killed Psyche
  6839 | D:9      | Reached **** piety under Uskayaw
  6846 | D:9      | Reached ***** piety under Uskayaw
  6889 | D:9      | Reached skill level 1 in Invocations
  6944 | D:9      | Reached skill level 9 in Short Blades
  7529 | D:9      | Reached skill level 7 in Fighting
  7529 | D:9      | Reached skill level 7 in Shields
  7529 | D:9      | Reached skill level 2 in Invocations
  7613 | D:9      | Reached XP level 11. HP: 52/58 MP: 13/13
  7648 | D:9      | Found a staircase to the Lair.
  7823 | D:10     | Entered Level 10 of the Dungeon
  7846 | D:10     | Reached skill level 3 in Invocations
  8103 | D:10     | Reached skill level 10 in Short Blades
  8189 | D:10     | Noticed a green ugly thing
  8207 | D:10     | Killed a green ugly thing
  8424 | D:11     | Noticed a cyclops
  8433 | D:11     | Killed a cyclops
  8536 | D:11     | Noticed a two-headed ogre
  8546 | D:11     | Killed a two-headed ogre
  8547 | D:11     | Reached skill level 7 in Armour
  8593 | D:11     | Reached skill level 4 in Invocations
  9358 | Lair:1   | Entered Level 1 of the Lair of Beasts
  9447 | Lair:1   | Noticed a catoblepas
  9517 | Lair:1   | Killed a catoblepas
  9620 | Lair:1   | Noticed Nergalle
  9696 | Lair:1   | Reached ****** piety under Uskayaw
  9702 | Lair:1   | Killed Nergalle
  9703 | Lair:1   | Reached skill level 8 in Fighting
  9703 | Lair:1   | Reached skill level 8 in Shields
  9964 | Lair:1   | Identified the +5 quarterstaff of Moral Flaws {protect, rC+
                  | Str+3 Stlth+}
 10348 | Lair:2   | Reached XP level 12. HP: 64/64 MP: 16/16
 10380 | Lair:2   | Reached skill level 5 in Invocations
 10492 | Lair:2   | Reached skill level 11 in Short Blades
 10550 | Lair:2   | Found a staircase to the Swamp.
 10812 | Lair:2   | Identified the +9 dagger of Causality {speed, Fly rN+
                  | Str+3}
 10982 | Lair:2   | Found a runed translucent door.
 10986 | Lair:2   | Identified the +0 spear "Gulydwue" {holy, Str+3}
 10988 | Lair:2   | Noticed themarg's ghost (journeyman BaSu)
 11293 | Lair:2   | Killed themarg's ghost
 11294 | Lair:2   | Reached skill level 8 in Armour
 11294 | Lair:2   | Reached skill level 6 in Invocations
 11785 | Lair:3   | Found a frozen archway.
 11793 | Lair:3   | Reached skill level 9 in Shields
 11800 | IceCv    | Entered an ice cave
 11843 | IceCv    | Reached skill level 9 in Fighting
 12032 | IceCv    | Reached XP level 13. HP: 61/70 MP: 19/19
 12217 | IceCv    | Reached skill level 7 in Invocations
 12349 | IceCv    | HP: 15/70 [death yak (3)]
 12595 | IceCv    | Identified the +0 flail of Dim Light {drain, Dex+3}
 12886 | Lair:3   | Reached skill level 9 in Armour
 12903 | Lair:3   | Found a staircase to the Snake Pit.
 13133 | Lair:4   | Reached skill level 12 in Short Blades
 13153 | Lair:4   | Reached skill level 10 in Shields
 13168 | Lair:4   | Reached skill level 8 in Invocations
 13233 | Lair:4   | Reached skill level 10 in Fighting
 13465 | Lair:4   | Noticed Snorg
 13479 | Lair:4   | Killed Snorg
 13675 | Lair:4   | Reached XP level 14. HP: 67/77 MP: 21/21
 13962 | Lair:4   | Found a runed translucent door.
 13964 | Lair:4   | Noticed Egife's ghost (journeyman TrFi)
 14161 | Lair:4   | Killed Egife's ghost
 14221 | Lair:5   | Entered Level 5 of the Lair of Beasts
 14705 | Lair:5   | Reached skill level 9 in Invocations
 14969 | Lair:5   | HP: 13/77 [catoblepas (14)]
 15226 | Lair:5   | Reached skill level 10 in Armour
 15418 | Lair:5   | Reached skill level 11 in Shields
 15672 | Lair:5   | Found a staircase to the Slime Pits.
 15731 | Lair:5   | Reached skill level 11 in Fighting
 16151 | D:12     | HP: 18/79 [kobold demonologist/+0 dagger (4)]
 16151 | D:12     | Slain by a soul eater

Illustrated notes

Levels and vault maps discovered:
D:1:      mrwooster_arrival_statue, layout_rooms,
          shapermc_ecumenical_altar_flowoftime
D:2:      layout_rooms
D:3:      layout_loops_cross, mainiacjoe_overflow_boulevard,
          kennysheep_orc_sif_temple, serial_shops, nicolae_shop_behind_doors,
          minivault_24
D:4:      layout_loops_cross
D:5:      layout_cave_pools, serial_rivers, chequers_serial_rivers_room_b,
          chequers_serial_rivers_small_3, chequers_serial_rivers_large_a,
          chequers_serial_rivers_small_a, chequers_serial_rivers_small_3
D:6:      layout_basic, nzn_wu_jian_council_hall, enter_ossuary_4,
          cheibrodos_sewer_entry_drain, serial_glass, glass_columns_a,
          glass_columns_a, glass_columns_a, glass_columns_c, glass_columns_a,
          glass_columns_b, item_on_display_a, item_on_display_a, uniq_edmund
D:7:      layout_cave_pools, minmay_temple_entry_junction_2
D:8:      layout_gridville, mainiacjoe_overflow_six_doors_small,
          mainiacjoe_overflow_chevrons
D:9:      kennysheep_spiral_hall, layout_basic,
          nicolae_uskayaw_murder_on_the_dancefloor, erik_lair_dragon,
          uniq_psyche
D:10:     layout_long_grid
D:11:     layout_loops_ring
D:12:     layout_irregular_city, erik_orc_1
Temple:   nicolae_temple_x_marks_the_god
Lair:1:   layout_loops_ring, uniq_nergalle
Lair:2:   layout_small_grid, minmay_swamp_entry_swarm,
          ebering_ghost_funeral_grove, grunt_megastairs_4, lemuel_fruit_tree
Lair:3:   layout_hall_layers, dummy_snake_entry, portal_ice_cave_entry_pillars_2
Lair:4:   layout_loops_ring, ebering_ghost_reflecting_pool, grunt_megastairs_3,
          uniq_snorg
Lair:5:   hangedman_lair_tendril_chambers, layout_cave_pods,
          nicolae_slime_entry_field_trip

Skill      XL: |  1  2  3  4  5  6  7  8  9 10 11 12 13 14 |
---------------+-------------------------------------------+-----
Short Blades   | 2 3 4 5 6 8 9 10 11 12 | 12.9
Fighting       | 3 4 5 6 7 8 9 10 11 | 11.0
Shields        | 3 4 5 6 7 8 9 10 11 | 11.1
Armour         | 3 4 5 6 7 8 9 10 | 10.1
Invocations    | 2 4 6 8 9 |  9.6

Action                   |  1- 3 |  4- 6 |  7- 9 | 10-12 | 13-15 || total
-------------------------+-------+-------+-------+-------+-------++-------
Melee: Rapier            |    71 |       |       |       |       ||    71
       Bite              |    32 |    42 |   182 |   372 |   390 ||  1018
       Quick blade       |    30 |   140 |   518 |   994 |   893 ||  2575
       Short sword       |    18 |       |       |       |       ||    18
Throw: Stone             |     5 |       |       |       |       ||     5
Invok: Line Pass         |       |       |       |     2 |       ||     2
Evoke: Wand              |       |       |       |     1 |       ||     1
  Use: Scroll            |    12 |     5 |     8 |     6 |     3 ||    34
       Potion            |       |       |     3 |       |     4 ||     7
 Stab: Paralysed         |       |       |       |    48 |    58 ||   106
       Confused          |       |       |       |     2 |       ||     2
       Distracted        |       |       |       |       |     1 ||     1
       Petrified         |       |       |       |       |     1 ||     1
Armor: Scale mail        |    51 |    36 |       |       |       ||    87
       Chain mail        |       |    11 |   155 |   180 |       ||   346
       Plate armour      |       |       |       |   225 |   254 ||   479
Dodge: Dodged            |    36 |    26 |    75 |   148 |   107 ||   392
       Repelled          |       |       |       |       |     1 ||     1
Block: Buckler           |    34 |    19 |    56 |   157 |     3 ||   269
       Kite shield       |       |       |       |       |   342 ||   342

Table legend: (Time is in decaauts)
 A = Elapsed time spent in this place.
 B = Non-inter-level travel time spent in this place.
 C = Inter-level travel time spent in this place.
 D = Time resting spent in this place.
 E = Time spent auto-exploring this place.
 F = Levels seen in this place.
 G = Mean time per level.
                   A        B        C        D        E       F      G
               +--------+--------+--------+--------+--------+-----+--------+
         Total |  14703 |  13896 |    807 |    337 |  10450 |  21 |  700.1 |
       Dungeon |   8153 |   7553 |    600 |    175 |   5897 |  12 |  679.4 |
        Temple |     69 |     62 |      7 |      0 |     57 |   1 |   69.0 |
          Lair |   5025 |   4825 |    200 |     62 |   3712 |   5 | 1005.0 |
         Sewer |    208 |    208 |      0 |      0 |    127 |   1 |  208.0 |
       Ossuary |    446 |    446 |      0 |    100 |    205 |   1 |  446.0 |
      Ice Cave |    800 |    800 |      0 |      0 |    451 |   1 |  800.0 |
               +--------+--------+--------+--------+--------+-----+--------+

Top non-repeatable levels by time:
  Lair:5: 1426 daAuts
     D:9: 1317 daAuts
  Lair:4: 1077 daAuts
     D:6: 981 daAuts
  Lair:2: 959 daAuts
  Lair:1: 915 daAuts
     D:5: 843 daAuts
   IceCv: 800 daAuts
     D:4: 775 daAuts
    D:11: 729 daAuts
     D:3: 709 daAuts
     D:8: 673 daAuts
  Lair:3: 647 daAuts
    D:10: 585 daAuts
     D:7: 502 daAuts

Table legend:
 A = Kills in this place as a percentage of kills in entire the game.
 B = Kills by you in this place as a percentage of kills by you in the entire game.
 C = Kills by friends in this place as a percentage of kills by friends in the entire game.
 D = Other kills in this place as a percentage of other kills in the entire game.
 E = Experience gained in this place as a percentage of experience gained in the entire game.
 F = Experience gained in this place divided by the number of levels of this place that you have seen.
                   A       B       C       D       E      F
               +-------+-------+-------+-------+-------+----------------------
         Total | 100.0 | 100.0 |   N/A |   N/A | 100.0 | 3979.8
       Dungeon |  48.2 |  48.2 |   N/A |   N/A |  19.4 | 1351.6
          Lair |  34.3 |  34.3 |   N/A |   N/A |  62.4 | 10426.6
         Sewer |   2.1 |   2.1 |   N/A |   N/A |   0.3 | 220.0
       Ossuary |   5.7 |   5.7 |   N/A |   N/A |   0.3 | 217.0
      Ice Cave |   9.7 |   9.7 |   N/A |   N/A |  17.7 | 14786.0
               +-------+-------+-------+-------+-------+----------------------
